 Dungeon Crawl Stone Soup version 0.32-a0-928-g1cae6b7ea0 (webtiles) character file.

Game seed: 8107620666611602735

1 kae the Ruffian (level 1, -1/15 HPs)
             Began as a Demonspawn Shapeshifter on Apr 12, 2024.
             Slain by a gnoll
             ... wielding a +0 spear
              (8 damage)
             ... on level 1 of the Dungeon.
             The game lasted 00:00:25 (91 turns).

kae the Ruffian (Demonspawn Shapeshifter)             Turns: 91, Time: 00:00:25

Health: -1/15      AC:  2    Str: 14    XL:     1   Next: 16%
Magic:  1/1        EV: 11    Int: 10    God:
Gold:   0          SH:  0    Dex: 12    Spells: 0/0 levels left

rFire   . . .        g - +0 dagger
rCold   . . .        (no shield)
rNeg    . . .        a - +0 animal skin
rPois   .            (helmet currently unavailable)
rElec   .            (cloak currently unavailable)
rCorr   .            (gloves currently unavailable)
SInv    .            (boots currently unavailable)
Will    .....        (no amulet)
Stlth   +            (no ring)
HPRegen 0.22/turn    (no ring)
MPRegen 0.07/turn

%: no passive effects
@: beast-form
A: beast (slay +1)
a: Begin Untransformation


You were on level 1 of the Dungeon.
You were a hulking beast.
You visited 1 branch of the dungeon, and saw 1 of its levels.


   Skills:
 - Level 1.0 Fighting
 - Level 1.7 Dodging
 + Level 2.7 Unarmed Combat
 * Level 2.7 Shapeshifting


You couldn't memorise any spells.
You didn't know any spells.
Your spell library was empty.

Inventory:

Hand Weapons
 g - a +0 dagger (weapon)
   (You took it off a kobold on level 1 of the Dungeon)
Missiles
 e - 4 poisoned darts (quivered)
 f - 3 stones
Armour
 a - a +0 animal skin (worn)
Talismans
 c - a beast talisman (active)
 d - a flux talisman
Potions
 b - a potion of lignification {!q}

Dungeon Overview and Level Annotations

Branches:
Dungeon (1/15) Zot: 5908

Altars:

Shops:
D:1

( ...............#
..............##
#..............#
#...#..........#
#.............#
##.............#
.......††......#
.#...###.gg#.###..
...#..####h.......
# #....∩........
#.......####..
####......#
.........##
...#####.#
##.......#
##......# ###
##.###.# ###..


You could see a gnoll and a goblin.


Message History

Lua error: /dgldir/rcfiles/crawl-git/kae.rc:525: unexpected symbol near '#' 🤖 Initializing magus.rc ...
Bad monster_list_colour key: strict_neutral Bad channel name 'pray' for runrest: 'pray:' Options error: Missing colour in message_colour setting: 'that.*feels deathly cold' Options error: Missing colour in message_colour setting: 'and you must be Full or above to equip it' Options error: Missing colour in message_colour setting: 'but rights himself reflexively soon after' Options error: Missing colour in message_colour setting: 'before it is too late' ✅ Successfully initialized magus.rc [v1.11.3] Welcome, kae the Demonspawn Shapeshifter.
Will you prevail where others failed? Will you find the Orb of Zot?
Press ? for a list of commands and other information.
Found 4 poisoned darts.
Found a staircase leading out of the dungeon.
e - 4 poisoned darts
Found Resen's Weapon Boutique.
There is an entrance to Resen's Weapon Boutique here.
A frilled lizard and a kobold come into view.
The frilled lizard hisses angrily.
The kobold shouts!
There is an entrance to Resen's Weapon Boutique here.
The kobold hits you with a +0 dagger. 😕 HP[-1]
You take 1 damage, and now have 14/15 hp.
You barely miss the kobold. The kobold hits you but does no damage.
You hit the kobold. The frilled lizard barely misses you.
The kobold hits you with a +0 dagger. 😕 HP[-2]
You take 2 damage, and now have 12/15 hp.
You hit the kobold.
You kill the kobold!
The frilled lizard bites you but does no damage.
You hit the frilled lizard.
You kill the frilled lizard! 😕 HP[+1] No target in view!
No target in view!
Unknown command.
There is an entrance to Resen's Weapon Boutique here. 😕 HP[+1]
There are no items here.
f - 3 stones
Things that are here:
a +0 dagger; a kobold corpse
g - a +0 dagger 😎 HP[+1]
Your hp is fully restored (15).
g - a +0 dagger (weapon)
A gnoll comes into view. It is wielding a +0 spear.
Okay, then.
The gnoll shouts!
There is an entrance to Resen's Weapon Boutique here.
The gnoll barely misses you.
You barely miss the gnoll.
A goblin comes into view. It is wielding a +0 dagger.
The gnoll misses you.
You barely miss the gnoll.
The gnoll hits you with a +0 spear. 😕 HP[-1]
You take 1 damage, and now have 14/15 hp.
You closely miss the gnoll.
The gnoll hits you with a +0 spear. 😕 HP[-1]
You take 1 damage, and now have 13/15 hp.
Unknown command.
You hit the gnoll. The gnoll closely misses you.
You hit the gnoll but do no damage. The gnoll closely misses you.
Unknown command.
You hit the gnoll. The gnoll hits you with a +0 spear.
* * * LOW HITPOINT WARNING * * *
😨 HP[-6]
You take 6 damage, and now have 7/15 hp.
MASSIVE DAMAGE!! (PAUSE)
You closely miss the gnoll. The gnoll closely misses you.
Unknown command.
You closely miss the gnoll. The goblin hits you with a +0 dagger.
* * * LOW HITPOINT WARNING * * *
The gnoll hits you with a +0 spear!
Ouch! That really hurt!
You die...

Action                     || total
---------------------------++-------
  Melee: Dagger            ||     8
         Unarmed           ||     4
 Armour: Animal skin       ||     9
  Dodge: Dodged            ||     6

Levels and vault maps discovered:
D:1:      dpeg_arrival_round_c, layout_rooms, serial_shops, shop, shop,
          st_stairs_8

Notes
Turn   | Place    | Note
-------+----------+-------------------------------------------
     0 | D:1      | kae the Demonspawn Shapeshifter began the quest for the
                  | Orb.
     0 | D:1      | Reached XP level 1. HP: 15/15 MP: 1/1
     0 | D:1      | magus.rc [v1.11.3]
    43 | D:1      | Found Resen's Weapon Boutique.
    91 | D:1      | Slain by a gnoll

Vanquished Creatures
  A frilled lizard (D:1)
  A kobold (D:1)
2 creatures vanquished.

Table legend:
 A = Non-vault XP
 B = Vault XP
 C = Vault XP percentage of total XP
 D = Non-vault monster count
 E = Vault monster count
 F = Vault count percentage of total count
                 A         B        C        D         E       F
            +---------+---------+-------+---------+---------+-------
      Total |       2 |       0 |   0.0 |       2 |       0 |   0.0
            +---------+---------+-------+---------+---------+-------
        D:1 |       2 |       0 |   0.0 |       2 |       0 |   0.0
            +---------+---------+-------+---------+---------+-------

Action                     || total
---------------------------++-------
  Melee: Dagger            ||     8
         Unarmed           ||     4
 Armour: Animal skin       ||     9
  Dodge: Dodged            ||     6

Illustrated notes

Table legend:
 A = Kills in this place as a percentage of kills in the entire game.
 B = Kills by you in this place as a percentage of kills by you in the entire game.
 C = Kills by friends in this place as a percentage of kills by friends in the entire game.
 D = Other kills in this place as a percentage of other kills in the entire game.
 E = Experience gained in this place as a percentage of experience gained in the entire game.
 F = Experience gained in this place divided by the number of levels of this place that you have seen.
                   A       B       C       D       E      F
               +-------+-------+-------+-------+-------+----------------------
         Total | 100.0 | 100.0 |   N/A |   N/A | 100.0 |   2.0
       Dungeon | 100.0 | 100.0 |   N/A |   N/A | 100.0 |   2.0
               +-------+-------+-------+-------+-------+----------------------

Table legend: (Time is in decaauts)
 A = Elapsed time spent in this place.
 B = Non-inter-level travel time spent in this place.
 C = Inter-level travel time spent in this place.
 D = Time resting spent in this place.
 E = Time spent auto-exploring this place.
 F = Levels seen in this place.
 G = Mean time per level.
                   A        B        C        D        E       F      G
               +--------+--------+--------+--------+--------+-----+--------+
         Total |     90 |     90 |      0 |      0 |     51 |   1 |   90.0 |
       Dungeon |     90 |     90 |      0 |      0 |     51 |   1 |   90.0 |
               +--------+--------+--------+--------+--------+-----+--------+

Top non-repeatable levels by time:
     D:1: 90 daAuts
